 Dungeon Crawl Stone Soup version 0.19-a0-1065-gdac414d (webtiles) character file.

37 4thArraOfDagon the Ruffian (level 3, -2/31 HPs)
             Began as a Troll Air Elementalist on Aug 3, 2016.
             Killed from afar by an orc wizard (8 damage)
             ... with a puff of frost
             ... on level 5 of the Dungeon.
             The game lasted 00:01:30 (336 turns).

4thArraOfDagon the Ruffian (Troll Air Elementalist)  Turns: 336, Time: 00:01:31

Health: -2/31      AC:  9    Str: 13 (16) XL:     3   Next: 23%
Magic:  3/3        EV:  9    Int:  9 (12) God:
Gold:   45         SH:  0    Dex:  8 (10) Spells: 1 memorised, 3 levels left

rFire  . . .     SeeInvis .       - Unarmed
rCold  . . .     Gourm    +     a - +0 robe
rNeg   . . .     Faith    .     (no shield)
rPois  .         Spirit   .     (helmet restricted)
rElec  .         Dismiss  .     (no cloak)
rCorr  .         Reflect  .     (gloves unavailable)
SustAt .         Harm     .     (boots unavailable)
MR     .....                    (no amulet)
Stlth  +.........               (no ring)
                                d - +4 ring of protection

@: lethally poisoned (-2 -> -3)
A: unfitting armour, claws 3, fast metabolism 3, gourmand, regeneration 2,
shaggy fur 1, tough skin 2
a: no special abilities


You were on level 5 of the Dungeon.
You were not hungry.

You visited 1 branch of the dungeon, and saw 5 of its levels.

You collected 45 gold pieces.

Inventory:

Armour
 a - a +0 robe (worn)
Jewellery
 d - a +4 ring of protection (left claw)
Scrolls
 f - a scroll of random uselessness {unknown}
 g - a scroll of recharging {unknown}
 h - a scroll of remove curse {unknown}
 i - a scroll of noise {unknown}
Books
 b - a book of Air

   Spells                             Type                      Level
   a - Shock                          Conjuration/Air              1
   b - Swiftness                      Charms/Air                   2
   c - Repel Missiles                 Charms/Air                   2
   d - Static Discharge               Conjuration/Air              3
   e - Lightning Bolt                 Conjuration/Air              5
Comestibles
 c - 2 bread rations


   Skills:
 - Level 1.5 Dodging
 - Level 1.1 Stealth
 * Level 2.9 Unarmed Combat
 - Level 1.2 Spellcasting
 - Level 0.6 Conjurations
 - Level 2.0 Air Magic


You had 3 spell levels left.
You knew the following spells:

 Your Spells              Type           Power        Failure   Level  Hunger
a - Shock                 Conj/Air       #...         21%         1    ##.....


Dungeon Overview and Level Annotations

Branches:
Dungeon (5/15)             Temple (0/1) D:4

Altars:
Uskayaw

Shops:
D:4 *


Innate Abilities, Weirdness & Mutations

You are too large for most types of armour.
You have claws for hands.
Your metabolism is lightning-fast.
You like to eat raw meat.
You heal very quickly.
You are covered in fur. (AC +1)
You have very tough skin. (AC +2)


Message History

You scratch the adder.
The adder is heavily wounded.
You feel sick. The orc wizard misses you.
The adder bites you but does no damage.
The orc wizard hits you but does no damage.
Unknown command.
You miss the adder.
The adder is heavily wounded.
The adder closely misses you.
The orc wizard points at you and mumbles some strange words.
The puff of frost hits you!
* * * LOW HITPOINT WARNING * * *
The adder bites you.
* * * LOW HITPOINT WARNING * * *
You scratch the adder.
You kill the adder!
You feel sick. The orc wizard casts a spell at you. The puff of frost hits you!
You die...

.# .
##.
#..
#.#
#.#
#†#
#@#
#o#
#.#
<..
...
#...#
##.##
#.#


You could see an orc wizard.

Vanquished Creatures
  3 adders
  A giant cockroach (D:2)
  2 goblins (D:2)
  2 jackals (D:1)
  A kobold (D:3)
  2 rats
11 creatures vanquished.

Notes
Turn   | Place    | Note
-------+----------+-------------------------------------------
     0 | D:1      | 4thArraOfDagon the Troll Air Elementalist began the quest for the Orb.
     0 | D:1      | Reached XP level 1. HP: 16/16 MP: 1/1
    41 | D:1      | Reached skill level 1 in Unarmed Combat
    94 | D:2      | Reached XP level 2. HP: 10/24 MP: 2/2
   225 | D:3      | Reached XP level 3. HP: 29/31 MP: 3/3
   283 | D:4      | Found a hide-covered altar of Uskayaw.
   288 | D:4      | Found Juit's General Store.
   317 | D:4      | Found a staircase to the Ecumenical Temple.
   331 | D:5      | Entered Level 5 of the Dungeon
   336 | D:5      | Killed from afar by an orc wizard

Vault maps used:
D:1:      ncdulo_wetmaze, corexii_leaking_fountain, minmay_tree_intersection
D:3:      first_bread, uniq_sigmund, uniq_grinder, uniq_jessica
D:4:      kennysheep_little_box, serial_shops, nicolae_shop_crystal,
          minmay_rat_hole
D:5:      zin_purify, serial_shops, nicolae_shop_statue_plus

Skill      XL: |  1 |
---------------+----+-----
Unarmed Combat | 2 |  2.9
Dodging        | |  1.5
Stealth        | |  1.1
Spellcasting   | |  1.2
Conjurations   | |  0.6
Air Magic      | |  2.0

Action                   || total
-------------------------++-------
Melee: Unarmed           ||    54
  Use: Potion            ||     1
  Eat: Chunk             ||     2
Armor: Robe              ||    29
Dodge: Dodged            ||    32
